 Dungeon Crawl Stone Soup version 0.30.0-5-g1a98f26d00 (webtiles) character file.

Game seed: 10062700381314842980

55 browni3141 the Firebug (level 3, 0/18 HPs)
             Began as a Vine Stalker Fire Elementalist on May 9, 2023.
             Succumbed to an adder's poison
             ... on level 2 of the Dungeon.
             The game lasted 00:02:35 (1061 turns).

browni3141 the Firebug (VSFE)                       Turns: 1061, Time: 00:02:35

Health: 0/18       AC:  3    Str: 10    XL:     3   Next: 93%
Magic:  2/8        EV: 12    Int: 17    God:
Gold:   56         SH:  0    Dex: 14    Spells: 5/8 levels left

rFire   . . .        p - +0 short sword
rCold   . . .        (no shield)
rNeg    . . .        a - +0 robe
rPois   .            (no helmet)
rElec   .            (no cloak)
rCorr   .            (no gloves)
SInv    .            s - +0 pair of boots
Will    .....        (no amulet)
Stlth   ++           (no ring)
HPRegen 0.23/turn    (no ring)
MPRegen 0.11/turn

%: guardian spirit
@: lethally poisoned (0 -> -7), attractive, hasted, very quick
A: fangs 2, magic shield, antimagic bite, no potion heal 2
a: no special abilities


You were on level 2 of the Dungeon.
You visited 1 branch of the dungeon, and saw 2 of its levels.

You collected 56 gold pieces.

Inventory:

Hand Weapons
 p - a +0 short sword (weapon)
Armour
 a - a +0 robe (worn)
 s - a +0 pair of boots (worn)
Scrolls
 o - 5 scrolls of teleportation {unknown}
 q - 3 scrolls of identify {unknown}
Potions
 m - a potion of magic
 t - a potion of mutation {unknown}


   Skills:
 - Level 1.0 Fighting
 - Level 2.0 Dodging
 - Level 3.0 Stealth
 - Level 3.0 Spellcasting
 * Level 1.9 Conjurations
 - Level 3.0 Fire Magic


You had 5 spell levels left.
You knew the following spells:

 Your Spells              Type           Power      Damage    Failure   Level
x - Scorch                Fire           24%        2d6       8%          2
z - Foxfire               Conj/Fire      40%        2x1d6     6%          1

Your spell library contained the following spells:

 Spells                   Type           Power      Damage    Failure   Level
 Inner Flame              Hex/Fire       7%         N/A       28%         3
 Volatile Blastmotes      Fire/Tloc      14%        2d11      28%         3
 Flame Wave               Conj/Fire      10%        2d6       54%         4


Dungeon Overview and Level Annotations

Branches:
Dungeon (2/15)

Altars:


Innate Abilities, Weirdness & Mutations

You have extremely sharp teeth.
When hurt, damage is shared between your health and your magic reserves.
Your bite disrupts and absorbs the magic of your enemies.
Potions cannot restore your health.


Message History

You completely miss the giant cockroach.
The giant cockroach is moderately wounded.
The giant cockroach closely misses you. The giant cockroach misses you.
You hit the giant cockroach but do no damage.
You bite the giant cockroach, but do no damage.
The giant cockroach is moderately wounded.
The giant cockroach misses you.
You closely miss the giant cockroach.
The giant cockroach is moderately wounded.
The giant cockroach closely misses you.
You closely miss the giant cockroach.
The giant cockroach is moderately wounded.
The giant cockroach bites you but does no damage.
You hit the giant cockroach.
The giant cockroach is almost dead.
The giant cockroach bites you but does no damage.
You hit the giant cockroach but do no damage.
Your bite misses the giant cockroach.
The giant cockroach is almost dead.
The giant cockroach misses you. The giant cockroach barely misses you.
You barely miss the giant cockroach. You bite the giant cockroach.
You kill the giant cockroach!
o - 5 scrolls labelled KUTHIDD BUWKUF (gained 1)
You now have 56 gold pieces (gained 10).
A bat comes into view.
A bat is nearby!
A bat is nearby!
A bat is nearby!
Casting: Foxfire (safe; 6% risk of failure)
Press: ? - help, Q - select action, (/) - cycle Dir - look around, f - activate
Okay, then.
Search for what [Enter for "weap", or ? for help]? ego Can't find anything matching that.
Unknown command.
No target in view!
No target in view!
No target in view!
No target in view!
The bat hits you but does no damage.
You closely miss the bat. You bite the bat. You drain its power.
The bat is moderately wounded.
The bat barely misses you. The bat hits you but does no damage. x2
You barely miss the bat. Your bite misses the bat.
The bat is moderately wounded.
The bat closely misses you.
You closely miss the bat.
The bat is moderately wounded.
The bat hits you but does no damage. The bat closely misses you.
The bat hits you but does no damage.
You barely miss the bat. Your bite misses the bat.
The bat is moderately wounded.
The bat closely misses you. The bat barely misses you.
You hit the bat.
You kill the bat!
A ball python comes into view.
A ball python is nearby!
A ball python is nearby!
An adder comes into view.
The ball python hisses angrily.
The adder hisses angrily.
An adder comes into view.
A quokka comes into view.
A hobgoblin comes into view.
You closely miss the adder.
The adder hisses angrily.
The adder barely misses you. The adder closely misses you.
You conjure some foxfire!
The adder bites you.
You are poisoned.
The adder poisons you!
You feel sick.
The foxfire hits the adder.
The adder is severely wounded.
The foxfire hits the adder.
The adder is almost dead.
You conjure some foxfire!
The hobgoblin shouts!
You feel sick. The adder bites you but does no damage.
The foxfire hits the adder.
The adder is heavily wounded.
The adder bites you.
You are more poisoned.
The adder poisons you!
Your foxfire dissipates!
You feel very sick. The adder attacks as you move away! The adder bites you.
You are lethally poisoned!
The adder poisons you! The adder attacks as you move away!
The adder barely misses you.
You feel very sick.
You are too injured to fight recklessly!
* * * LOW HITPOINT WARNING * * *
You feel sick.
It was a potion of attraction.
You feel attractive to monsters.
* * * LOW HITPOINT WARNING * * *
You feel sick. The adder barely misses you. The adder bites you.
* * * LOW HITPOINT WARNING * * *
The hobgoblin is attracted toward you.
It was a potion of haste.
You feel yourself speed up.
You die...

...#...##.
...................
...######.........
....# #....... ....#
....... ....# #......#
)...# #..#.#.# ....#
#..#...## ....#
#..##.@S#
....#######..##.#S##
.............##.#rg###
#.########...##....ยง.#
#.#..........#####.#.#
#.....####.#.# #.#.#
#.....# #.#.#####.#.#
#.....# #.#.......#g##
#.....# #.#..###.....#


You could see 2 adders, a quokka and a hobgoblin.

Vanquished Creatures
  An adder (D:2)
  A worm (D:2)
  A dart slug (D:1)
  5 ball pythons
  4 bats
  5 endoplasms
  4 giant cockroaches
  4 goblins
  A hobgoblin (D:1)
  3 jackals (D:1)
  3 kobolds
  A frilled lizard (D:1)
  5 rats (D:1)
38 creatures vanquished.

Vanquished Creatures (others)
  49 foxfires
49 creatures vanquished.

Grand Total: 87 creatures vanquished

Notes
Turn   | Place    | Note
-------+----------+-------------------------------------------
     0 | D:1      | browni3141 the Vine Stalker Fire Elementalist began the
                  | quest for the Orb.
     0 | D:1      | Reached XP level 1. HP: 9/9 MP: 4/4
   172 | D:1      | Reached XP level 2. HP: 14/14 MP: 3/6
   304 | D:1      | Learned a level 2 spell: Scorch
   355 | D:1      | Reached skill level 3 in Stealth
   431 | D:1      | Reached XP level 3. HP: 18/18 MP: 7/7
   984 | D:2      | Reached skill level 3 in Spellcasting
  1061 | D:2      | Succumbed to an adder's poison

Illustrated notes

Levels and vault maps discovered:
D:1:      eino_arrival_cavern_b, layout_basic, serial_glass, glass_columns_b,
          glass_columns_c, glass_columns_c, glass_columns_b, glass_columns_c,
          feat_on_display, minmay_strange_pillars, feat_on_display,
          feat_on_display
D:2:      layout_basic, serial_shops, nicolae_shop_hallway_stairs

Skill      XL: |  1  2  3 |
---------------+----------+-----
Fighting       | 1 |  1.0
Stealth        | 3 |  3.0
Dodging        | 2 |  2.0
Spellcasting   | 3 |  3.0
Conjurations   | |  1.9
Fire Magic     | |  3.0

Action                     || total
---------------------------++-------
  Melee: Unarmed           ||     3
         Bite              ||    24
         Short sword       ||    73
   Cast: Foxfire           ||    28
         Scorch            ||     3
    Use: Potion            ||     2
   Stab: Sleeping          ||     4
 Armour: Robe              ||    18
  Dodge: Dodged            ||    56
